 Dungeon Crawl Stone Soup version 0.25-a0-577-ga4619f409e (webtiles) character file.

Game seed: 1935890903889559939, levelgen mode: deterministic

11830 surprisetrex the Arsonist (level 11, -9/94 HPs)
             Began as a Red Draconian Fire Elementalist on Mar 2, 2020.
             Was a Priest of Vehumet.
             Hit by a javelin thrown by a minotaur (27 damage)
             ... in a Gauntlet.
             The game lasted 01:05:03 (14313 turns).

surprisetrex the Arsonist (DrFE)                   Turns: 14313, Time: 01:05:03

Health: -9/94      AC:  8    Str: 19    XL:     11   Next: 54%
Magic:  10/14      EV: 10    Int: 19    God:    Vehumet [***...]
Gold:   438        SH: 10    Dex:  8    Spells: 1/14 levels left

rFire    + . .     SeeInvis .   a - +1 whip (flame)
rCold    x . .     Gourm    .   t - +0 kite shield
rNeg     + + +     Faith    .   (armour unavailable)
rPois    .         Spirit   .   w - +0 hat of Wafoser {rC- rN+++ Str+3 Dex-3}
rElec    .         Reflect  .   (no cloak)
rCorr    .         Harm     .   (no gloves)
MR       .....     NoTele   +   A - +0 pair of boots of Dithmenos's Regard {Str+5}
Stlth    ++........             (no amulet)
HPRegen  0.25/turn              h - +5 ring of slaying
MPRegen  0.14/turn              (no ring)

@: no status effects
A: breathe fire, unfitting armour, fire resistance 1, cold-blooded, AC +7
a: Breathe Fire, Renounce Religion


You were in a Gauntlet.
You worshipped Vehumet.
Vehumet was most pleased with you.
You were not hungry.

You visited 3 branches of the dungeon, and saw 12 of its levels.
You also visited: Gauntlet.

You collected 438 gold pieces.

Inventory:

Hand Weapons
 a - a +1 whip of flaming (weapon)
 b - a +0 hunting sling
 B - a +1 dagger of venom
Missiles
 c - an atropa-tipped dart (quivered)
 g - 224 stones
 o - 5 sling bullets
 x - 7 poisoned darts
Armour
 t - a +0 kite shield (worn)
 w - the +0 hat of Wafoser (worn) {rC- rN+++ Str+3 Dex-3}
   (You found it in a Gauntlet)

   It affects your strength (+3).
   It affects your dexterity (-3).
   It makes you vulnerable to cold.
   It renders you almost immune to negative energy.
   If you remove this armour, your AC will remain unchanged.
 A - the +0 pair of boots of Dithmenos's Regard (worn) {Str+5}
   (You found it on level 5 of the Dungeon)

   It affects your strength (+5).
   If you remove this armour, your AC will decrease by 1 (8 -> 7).
Jewellery
 h - a +5 ring of slaying (left hand)
Wands
 j - a wand of iceblast (12)
 u - a wand of acid (3)
 C - a wand of disintegration (11)
Scrolls
 d - a scroll of magic mapping {unknown}
 e - 2 scrolls of enchant armour
 l - 3 scrolls of remove curse
 n - a scroll of silence {unknown}
 p - a scroll of noise {unknown}
 y - 2 scrolls of enchant weapon {unknown}
 D - a scroll of fog {unknown}
Potions
 k - a potion of cancellation {unknown}
 q - a potion of stabbing
 r - 2 potions of flight
 s - 2 potions of lignification
Comestibles
 f - 16 rations


   Skills:
 - Level 8.0 Fighting
 - Level 1.7 Dodging
 - Level 1.7 Stealth
 + Level 7.7 Shields
 - Level 2.0 Spellcasting
 + Level 9.0 Conjurations
 + Level 14.4 Fire Magic


You had one spell level left.
You knew the following spells:

 Your Spells              Type           Power        Failure   Level  Hunger
a - Foxfire               Conj/Fire      ####         1%          1    #......
b - Conjure Flame         Conj/Fire      #####...     1%          3    ###....
c - Sticky Flame          Conj/Fire      #####...     1%          4    #####..
d - Fireball              Conj/Fire      #####.....   2%          5    ######.

Your spell library contained the following spells:

 Spells                   Type           Power        Failure   Level  Hunger
 Searing Ray              Conj           #####.       1%          2    ###....
 Animate Skeleton         Necr           N/A          38%         1    #......
 Apportation              Tloc           #.....       38%         1    #......
 Corona                   Hex            #......      38%         1    #......
 Pain                     Necr           #...         38%         1    #......
 Summon Small Mammal      Summ           #...         38%         1    #......
 Inner Flame              Hex/Fire       ####....     1%          3    ###....
 Bolt of Magma            Conj/Fire/Erth ####......   13%         5    ######.
 Olgreb's Toxic Radiance  Pois           #.......     67%         4    #####..
 Vampiric Draining        Necr           #.........   77%         3    ###....
 Animate Dead             Necr           N/A          99%         4    #####..
 Agony                    Necr           #.......     100%        5    ######.
 Eringya's Noxious Bog    Tmut/Pois      #.........   100%        6    #######


Dungeon Overview and Level Annotations

Branches:
Dungeon (10/15)            Temple (1/1) D:5            Lair (1/6) D:9
Gauntlet (1/1)
    Orc: D:9-12

Altars:
Ashenzari
Cheibriados
Dithmenos
Elyvilon
Fedhas
Gozag
Hepliaklqana
Kikubaaqudgha
Makhleb
Nemelex Xobeh
Okawaru
Qazlal
Ru
Sif Muna
Trog
Uskayaw
Vehumet
Wu Jian
Xom
Yredelemnul
Zin
The Shining One

Annotations:
D:4 1 runed translucent door, Crazy Yiuf
D:6 Sigmund Gauntlet 8 transporters


Innate Abilities, Weirdness & Mutations

You can breathe blasts of fire.
Your fiery red scales are hard. (AC +7)
You cannot fit into any form of body armour.
Your flesh is heat resistant. (rF+)
You are cold-blooded and may be slowed by cold attacks.


Message History

The minotaur resists.
Okay, then.
The minotaur hits you with a +7 great mace of holy wrath.
* * * LOW HITPOINT WARNING * * *
You block the minotaur's attack.
Casting: Sticky Flame (safe; 1% risk of failure)
Confirm with . or Enter, or press ? or * to list all spells.
Aiming: Sticky Flame (safe; 1% risk of failure)
Press: ? - help, Shift-Dir - straight line, f/p - minotaur
Aim: a minotaur, wielding a +7 great mace of holy wrath, wearing the +6 ring mail of the Falcon {rPois}, wearing the amulet of Laditish {RegenMP Str+4 Int+3} and quivering 14 javelins The sticky flame hits the minotaur but does no damage.
The minotaur is covered in liquid flames!
The minotaur burns!
You block the minotaur's attack. The minotaur barely misses you.
The minotaur burns!
The minotaur throws a javelin.
The javelin closely misses you.
The minotaur burns!
The minotaur burns!
The minotaur stops burning.
The minotaur throws a javelin.
The javelin pierces through you!!
You die...

.#.#.#.#.#.P.###.♣.#######
.#.#.#.#[#.♣..##..........
©#.##©##©#.P...#.♣.###.##.##
##.#.#.#?#..P♣.#...(......8#
.#.#.#.#[#...P.#.©.#.#.....
.#...#...#.....#.H.#.# ####
.#########.....#.©.#.HH#
............∩..#...###(
.#########.....#@©.# ..#
.#....ZZs#.....#...#.# ###
.#.##...s#...P.#(©.#.#....
##.##...?#...♣.#..(.......
©#..©###©#.PP..#.♣.###.##.
.#...###.#.♣..##..........
.#.#.###?#.P.###.♣.#######
.#s......#...≈##...#
.#########.P.≈≈#####


You could see a minotaur.

Vanquished Creatures
  A death ooze (Gauntlet)
  2 death yaks
  2 two-headed ogres
  A wizard (Gauntlet)
  Pikel (D:7)
  A gargoyle (D:10)
  2 trolls
  4 shadows (Gauntlet)
  A vampire (D:9)
  2 yaks
  Eustachio (D:4)
  Edmund (D:4)
  4 porcupines
  5 orc warriors
  2 slaves (D:7)
  2 ice beasts
  2 sky beasts
  4 ogres
  A centaur (D:6)
  2 phantoms
  An eye of draining (D:9)
  A crocodile (D:6)
  A big kobold (D:9)
  8 bullfrogs
  A gnoll sergeant (D:10)
  2 scorpions
  A killer bee (D:6)
  6 wights
  A bullfrog zombie (D:5)
  2 crimson imps
  A centaur zombie (D:10)
  3 quasits
  2 jellies (D:9)
  10 hounds
  10 orc priests
  13 orc wizards
  A centaur skeleton (D:7)
  2 hell rats (D:9)
  3 iguanas
  3 worker ants
  2 hound skeletons
  A howler monkey zombie (D:6)
  5 gnolls (D:10)
  18 adders
  A river rat (D:9)
  4 shadow imps
  A white imp (Gauntlet)
  5 oozes
  An adder skeleton (D:8)
  2 dart slugs
  4 worms
  4 leopard geckos
  42 orcs
  7 giant cockroaches
  7 hobgoblins
  16 jackals
  6 kobolds (D:1)
  3 quokkas
  3 ball pythons
  9 bats
  7 frilled lizards
  A giant cockroach zombie (D:5)
  7 goblins
  2 quokka skeletons
  7 rats
278 creatures vanquished.

Vanquished Creatures (others)
  Harold (D:7)
  A demonic plant (Gauntlet)
  479 foxfires
481 creatures vanquished.

Grand Total: 759 creatures vanquished

Notes
Turn   | Place    | Note
-------+----------+-------------------------------------------
     0 | D:1      | surprisetrex the Draconian Fire Elementalist began the
                  | quest for the Orb.
     0 | D:1      | Reached XP level 1. HP: 14/14 MP: 3/3
   154 | D:1      | Reached XP level 2. HP: 14/22 MP: 1/5
   329 | D:1      | You fall into a shaft and drop 1 floor!
   332 | D:2      | Reached skill level 1 in Fighting
   552 | D:2      | Reached XP level 3. HP: 28/28 MP: 0/6
  1273 | D:1      | Reached XP level 4. HP: 36/36 MP: 3/7
  1522 | D:1      | Learned a level 3 spell: Conjure Flame
  2394 | D:3      | Reached XP level 5. HP: 42/42 MP: 4/8
  2559 | D:3      | Learned a level 4 spell: Sticky Flame
  2933 | D:4      | Reached XP level 6. HP: 51/51 MP: 6/9
  3156 | D:4      | Noticed Edmund
  3626 | D:4      | Killed Edmund
  3626 | D:4      | Reached skill level 5 in Conjurations
  3626 | D:4      | Reached skill level 4 in Fire Magic
  3811 | D:4      | Found a runed translucent door.
  3812 | D:4      | Noticed Crazy Yiuf
  3849 | D:4      | Your scales start taking on a fiery red colour.
  3849 | D:4      | Reached skill level 5 in Fire Magic
  3849 | D:4      | Reached XP level 7. HP: 45/60 MP: 6/10
  3849 | D:4      | Gained mutation: Your flesh is heat resistant. (rF+) [Red
                  | Draconian growth]
  3890 | D:4      | Noticed Eustachio
  3893 | D:4      | Killed Eustachio
  3893 | D:4      | Reached skill level 5 in Fighting
  4137 | D:5      | Entered Level 5 of the Dungeon
  4219 | D:5      | Reached skill level 6 in Fire Magic
  4525 | D:5      | Found a staircase to the Ecumenical Temple.
  4531 | Temple   | Entered the Ecumenical Temple
  4716 | D:5      | Reached XP level 8. HP: 68/70 MP: 11/11
  4761 | D:5      | Reached skill level 7 in Fire Magic
  4774 | D:5      | Got a pair of fine boots
  4780 | D:5      | Identified the cursed +0 pair of boots of Dithmenos's
                  | Regard {Str+5} (You found it on level 5 of the Dungeon)
  4783 | D:5      | Found a radiant altar of Vehumet.
  4791 | D:5      | Became a worshipper of Vehumet
  5406 | D:6      | Reached skill level 8 in Fire Magic
  5782 | D:6      | Reached skill level 9 in Fire Magic
  6054 | D:6      | Reached XP level 9. HP: 80/80 MP: 8/12
  6214 | D:6      | Reached skill level 10 in Fire Magic
  6232 | D:6      | Noticed Sigmund
  6452 | D:7      | Found an ornate altar of the Wu Jian Council.
  6562 | D:7      | Found a blossoming altar of Fedhas.
  7092 | D:7      | Reached skill level 1 in Shields
  7111 | D:7      | Reached * piety under Vehumet
  7111 | D:7      | Offered knowledge of Shock by Vehumet.
  7137 | D:7      | Noticed Pikel
  7137 | D:7      | Noticed Harold
  7141 | D:7      | Killed Pikel
  7150 | D:7      | Killed Harold
  7150 | D:7      | Reached skill level 11 in Fire Magic
  7742 | D:8      | Reached XP level 10. HP: 84/88 MP: 13/13
  8076 | D:8      | Offered knowledge of Sandblast by Vehumet.
  8484 | D:9      | Found a staircase to the Lair.
  8484 | D:9      | Noticed a death yak
  8485 | D:9      | Noticed a death yak
  8588 | D:8      | Killed a death yak
  8588 | D:8      | Reached skill level 12 in Fire Magic
  8682 | D:8      | Learned a level 5 spell: Fireball
  9398 | D:9      | Noticed a death yak
  9541 | D:9      | Found an opulent altar of Gozag.
  9541 | D:9      | Found a burning altar of Makhleb.
  9553 | D:9      | Reached ** piety under Vehumet
  9568 | D:9      | Found an ancient bone altar of Kikubaaqudgha.
  9975 | D:9      | Reached skill level 13 in Fire Magic
 10140 | D:9      | Reached skill level 5 in Shields
 10705 | D:10     | Entered Level 10 of the Dungeon
 10753 | D:10     | Identified the Grimoire of Poison and the Volcanoes
 10799 | D:10     | Noticed a two-headed ogre
 10799 | D:10     | Noticed a two-headed ogre
 10820 | D:10     | Killed a two-headed ogre
 11007 | D:9      | Killed a death yak
 11007 | D:9      | Reached XP level 11. HP: 74/94 MP: 9/14
 11514 | D:9      | Killed a two-headed ogre
 11747 | D:10     | Offered knowledge of Searing Ray by Vehumet.
 12099 | D:9      | Reached skill level 14 in Fire Magic
 12746 | D:10     | Reached *** piety under Vehumet
 12990 | D:10     | Noticed an orb spider
 13050 | Lair:1   | Entered Level 1 of the Lair of Beasts
 13124 | Lair:1   | Found a gate leading to a gauntlet.
 13133 | Gauntlet | Entered a Gauntlet
 13133 | Gauntlet | Found a transporter.
 13140 | Gauntlet | Found a transporter.
 13142 | Gauntlet | Found a transporter.
 13150 | Gauntlet | Found a transporter.
 13152 | Gauntlet | Found a transporter.
 13155 | Gauntlet | Noticed a death scarab
 13155 | Gauntlet | Noticed a thrashing horror
 13163 | Gauntlet | Found a transporter.
 13179 | Gauntlet | Found a transporter.
 13189 | Gauntlet | Found a transporter.
 13198 | Gauntlet | Found a runed translucent gate.
 13199 | Gauntlet | Found a transporter.
 13199 | Gauntlet | Found a runed translucent gate.
 13200 | Gauntlet | Found a runed translucent gate.
 13201 | Gauntlet | Noticed a death ooze
 13213 | Gauntlet | Found a transporter.
 13215 | Gauntlet | Noticed a wizard
 13226 | Gauntlet | Found a transporter.
 13229 | Gauntlet | Found a transporter.
 13275 | Gauntlet | Found a transporter.
 13287 | Gauntlet | Noticed a death scarab
 13289 | Gauntlet | Found a transporter.
 13806 | Gauntlet | Killed a wizard
 13940 | Gauntlet | Got a shimmering hat
 13964 | Gauntlet | Identified the +6 ring mail of the Falcon {rPois}
 13964 | Gauntlet | Identified the amulet of Laditish {RegenMP Str+4 Int+3}
 13964 | Gauntlet | Noticed a minotaur
 13981 | Gauntlet | Killed a death ooze
 14291 | Gauntlet | Identified the +0 hat of Wafoser {rC- rN+++ Str+3 Dex-3}
                  | (You found it in a Gauntlet)
 14313 | Gauntlet | Hit by a javelin thrown by a minotaur

Levels and vault maps discovered:
D:1:      lightli_arrival_statue_moat, layout_basic, minmay_curled_crystal
D:2:      layout_rooms
D:3:      layout_rooms
D:4:      layout_cave_pods, first_ration, uniq_edmund, uniq_eustachio,
          uniq_crazy_yiuf_cottage
D:5:      layout_rooms, overflow_temple_1_default,
          minmay_temple_entry_enclosed_plants, minmay_misc_feat_roman
D:6:      minmay_evil_eye, layout_basic, kb_rosetta, uniq_sigmund
D:7:      layout_loops_corners, lemuel_doored_altar, fedhas_altar_1, uniq_pikel,
          uniq_harold
D:8:      layout_loops_corners, grunt_ogre_cave
D:9:      layout_roguey, chequers_temple_overflow_statue_of_worship,
          nicolae_overflow_hidden_temple, dpeg_lair_monsters
D:10:     minmay_the_grid_octo_tiled_octocenter
          [minmay_the_grid_octo_fan_narrow, minmay_the_grid_octo_chip,
          minmay_the_grid_octo_fat_diamond, minmay_the_grid_octo_checkered,
          minmay_the_grid_octo_prize_star,
          minmay_the_grid_square_5x5_intrusive_squares,
          minmay_the_grid_square_5x5_percent,
          minmay_the_grid_square_5x5_hollow_slash,
          minmay_the_grid_square_5x5_lines], layout_gridville,
          serial_park_tiny_2, uniq_grum, uniq_josephine
Temple:   regret_index_temple_sphere_string
Lair:1:   layout_layer_cave, gauntlet_entry_generic, serial_bayou_ford_a,
          grunt_megastairs_4
Gauntlet: minmay_gauntlet_77_tree [minmay_gauntlet_arena_77_fan,
          minmay_gauntlet_arena_77_hold_the_fort,
          minmay_gauntlet_arena_77_squiggly, minmay_gauntlet_arena_77_braids,
          minmay_gauntlet_arena_77_block_sizes,
          minmay_gauntlet_arena_77_two_paths,
          minmay_gauntlet_arena_77_run_for_it,
          nicolae_gauntlet_exit_dead_adventurers]

Skill      XL: |  1  2  3  4  5  6  7  8  9 10 11 |
---------------+----------------------------------+-----
Fighting       | 1 2 3 4 6 7 8 |  8.0
Conjurations   | 2 3 4 5 6 7 9 |  9.0
Fire Magic     | 5 6 9 11 13 14 | 14.4
Shields        | 3 6 7 |  7.7
Dodging        | |  1.7
Stealth        | |  1.7
Spellcasting   | |  2.0

Action                   |  1- 3 |  4- 6 |  7- 9 | 10-12 || total
-------------------------+-------+-------+-------+-------++-------
Melee: Unarmed           |    15 |       |       |       ||    15
       Spear             |       |    39 |       |       ||    39
       Dagger            |       |     9 |       |     6 ||    15
       Tailslap          |       |     8 |    19 |    18 ||    45
       Trident           |       |    22 |       |       ||    22
       Whip              |       |    24 |    38 |   168 ||   230
       Dire flail        |       |     2 |    89 |       ||    91
 Fire: Hunting sling     |    10 |    22 |    56 |    93 ||   181
Throw: Dart              |     4 |     7 |     2 |     7 ||    20
 Cast: Foxfire           |    54 |    53 |    84 |   118 ||   309
       Conjure Flame     |       |     3 |    10 |    11 ||    24
       Sticky Flame      |       |     3 |     4 |    28 ||    35
       Fireball          |       |       |       |     2 ||     2
 Abil: Breathe Fire      |       |       |     4 |     2 ||     6
Evoke: Wand              |       |       |     2 |       ||     2
  Use: Scroll            |       |     4 |     5 |     7 ||    16
       Potion            |       |       |       |     9 ||     9
 Stab: Sleeping          |       |     2 |     1 |       ||     3
       Invisible         |       |     1 |       |       ||     1
  Eat: Chunk             |     2 |    10 |    17 |    13 ||    42
       Ration            |       |       |       |     5 ||     5
Armor: Skin              |     7 |    29 |    35 |    94 ||   165
Dodge: Dodged            |    27 |    63 |    67 |   104 ||   261
Block: Kite shield       |       |       |    11 |   122 ||   133

Table legend:
 A = Non-vault XP
 B = Vault XP
 C = Vault XP percentage of total XP
 D = Non-vault monster count
 E = Vault monster count
 F = Vault count percentage of total count
                 A         B        C        D         E       F
            +---------+---------+-------+---------+---------+-------
      Total |    6933 |    9968 |  59.0 |     241 |      36 |  13.0
            +---------+---------+-------+---------+---------+-------
        D:1 |      51 |       0 |   0.0 |      32 |       0 |   0.0
        D:2 |      69 |       0 |   0.0 |      21 |       0 |   0.0
        D:3 |     201 |       0 |   0.0 |      30 |       0 |   0.0
        D:4 |     359 |     363 |  50.3 |      15 |       2 |  11.8
        D:5 |     572 |       0 |   0.0 |      19 |       0 |   0.0
        D:6 |    1264 |     182 |  12.6 |      26 |       3 |  10.3
        D:7 |     541 |    1561 |  74.3 |      18 |       2 |  10.0
        D:8 |     816 |    1018 |  55.5 |      29 |       2 |   6.5
        D:9 |    1951 |    2815 |  59.1 |      36 |      14 |  28.0
       D:10 |     873 |    1387 |  61.4 |      13 |       4 |  23.5
     Lair:1 |     236 |       0 |   0.0 |       2 |       0 |   0.0
   Gauntlet |       0 |    2642 | 100.0 |       0 |       9 | 100.0
            +---------+---------+-------+---------+---------+-------
